 Dungeon Crawl Stone Soup version 0.28.0-53-g5a82cb258f (webtiles) character file.

Game seed: 3871730948529184036

501 fynax the Covered (level 6, -4/56 HPs)
             Began as a Minotaur Fighter on July 10, 2022.
             Was an Initiate of Ashenzari.
             Slain by Duvessa
             ... wielding a +0 short sword
              (6 damage)
             ... on level 5 of the Dungeon on July 11, 2022.
             The game lasted 00:29:38 (3873 turns).

fynax the Covered (Minotaur Fighter)                Turns: 3873, Time: 00:29:39

Health: -4/56      AC: 17    Str: 23    XL:     6   Next: 95%
Magic:  5/5        EV:  6    Int:  5    God:    Ashenzari [......]
Gold:   216        SH:  4    Dex:  9    Spells: 5/5 levels left

rFire   . . .      SeeInvis .   v - +1 spear (freeze)
rCold   . . .      Faith    .   c - +0 buckler
rNeg    . . .      Spirit   .   o - +0 plate armour
rPois   .          Reflect  .   (helmet restricted)
rElec   .          Harm     .   (no cloak)
rCorr   .          Rampage  .   (no gloves)
Will    .....                   (no boots)
Stlth   ..........              (no amulet)
HPRegen 0.18/turn               C - +4 ring of protection
MPRegen 0.09/turn               (no ring)

@: no status effects
A: horns 2, retaliatory headbutt
a: Renounce Religion, Curse Item


You were on level 5 of the Dungeon.
You worshipped Ashenzari.
Ashenzari was noncommittal.
You visited 1 branch of the dungeon, and saw 5 of its levels.

You collected 216 gold pieces.

Inventory:

Hand Weapons
 a - a +0 trident
 f - a +0 dagger
 m - a +0 club
 p - a +0 short sword
 q - a +0 short sword
 s - a +0 dagger
 t - a +0 mace
 u - a +0 club
 v - a +1 spear of freezing (weapon)
Missiles
 i - 117 stones (quivered)
 r - 29 arrows
Armour
 b - a +0 scale mail
 c - a +0 buckler (worn)
 e - a +0 chain mail
 g - a +0 leather armour
 o - a +0 plate armour (worn)
Jewellery
 C - a +4 ring of protection (left hand)
 D - a ring of fire
Wands
 A - a wand of iceblast (8)
Scrolls
 h - 4 scrolls of identify
 j - a scroll of blinking
 n - a scroll of summoning {unknown}
 w - 3 scrolls of teleportation {unknown}
 y - a scroll of fog {unknown}
 z - a scroll of amnesia {unknown}
Potions
 d - a potion of might
 k - 2 potions of lignification {unknown}
 l - a potion of brilliance
 x - 2 potions of invisibility {unknown}
 B - a potion of magic {unknown}


   Skills:
 + Level 5.0 Fighting
 + Level 4.8 Polearms
 + Level 1.0 Throwing
 + Level 6.8 Armour
 + Level 1.5 Dodging
 + Level 0.6 Stealth
 + Level 4.1 Shields


You had 5 spell levels left.
You didn't know any spells.
Your spell library contained the following spells:

 Spells                   Type           Power      Damage    Failure   Level
 Foxfire                  Conj/Fire      0%         2x1d4     100%        1
 Conjure Flame            Conj/Fire      0%         6-21      100%        3
 Inner Flame              Hex/Fire       0%         N/A       100%        3
 Animate Dead             Necr           0%         N/A       100%        4
 Flame Wave               Conj/Fire      0%         2d4       100%        4
 Haunt                    Necr/Summ      0%         N/A       100%        7
 Infestation              Necr           0%         N/A       100%        8


Dungeon Overview and Level Annotations

Branches:
Dungeon (5/15)
 Temple: D:4-7

Altars:
Ashenzari
Vehumet

Shops:
D:4 !

Annotations:
D:5 Dowan, Duvessa


Innate Abilities, Weirdness & Mutations

You have a pair of horns on your head.
You reflexively headbutt those who attack you in melee.


Message History

Duvessa is lightly wounded.
Duvessa hits you but does no damage.
You hit Duvessa. You freeze Duvessa.
Duvessa is lightly wounded.
You block Duvessa's attack.
You hit Duvessa. You freeze Duvessa.
Duvessa is moderately wounded.
Duvessa hits you with a +0 short sword.
* * * LOW HITPOINT WARNING * * *
Dowan zaps a wand.
Duvessa hits you but does no damage.
The orc priest looks encouraged for a moment.
The orc priest looks satisfied for a moment.
Duvessa hits you with a +0 short sword.
* * * LOW HITPOINT WARNING * * *
An orc wizard comes into view. It is wielding a +0 dagger.
The orc wizard shouts!
Dowan casts a spell at you. You resist with some effort.
You hear some strange, mumbled words.
A puff of flame appears from out of thin air!
The puff of flame hits you.
* * * LOW HITPOINT WARNING * * *
The orc priest looks encouraged for a moment.
Dowan casts a spell at you. You resist with some effort.
The orc priest miscasts a cantrip.
Dowan points at Duvessa and mumbles some strange words.
Duvessa seems to speed up.
You hit Duvessa but do no damage.
Duvessa is moderately wounded.
The orc wizard points at you and mumbles some strange words.
The magic dart hits something.
Something hits you.
* * * LOW HITPOINT WARNING * * *
Duvessa hits you but does no damage.
The orc wizard points at you and mumbles some strange words.
You resist with some effort. Something hits you but does no damage.
Something hits you but does no damage.
Dowan zaps a wand.
You resist with some effort. Duvessa hits you with a +0 short sword.
You die...

.)...###.##............#........#
....#..#..#.................#....
.......................#o..#.....
######..##.#...........##o.#....#
#####......#............#.##....#
..........................###...#
...................#.......# #..#
.........###..#...##ooo....# ###
.........# ##.#.@........#.#
......##.# #...#e..e......##
.........# ##<.#o..o......#
.........## #.....#.##.....#
....###...####....#.##....##
....####....##......>##.###
....##................###
..###...#......#......#
...#....##..#####....##


You could see Duvessa (fast), Dowan, an orc priest, 2 orc wizards and 2 orcs.

Vanquished Creatures
  Eustachio (D:5)
  A water moccasin (D:5)
  The ghost of SHADDY the Changer, an amateur OpTm (D:4)
  An iguana (D:4)
  A hound zombie (D:5)
  A hound skeleton (D:5)
  4 gnolls (D:3)
  3 adders
  An ufetubus (D:5)
  2 adder skeletons
  3 worms
  3 dart slugs
  3 orcs
  7 ball pythons
  6 endoplasms
  A giant cockroach (D:2)
  2 goblins
  A quokka (D:2)
  2 bats (D:1)
  5 frilled lizards
  3 kobolds
  6 rats
58 creatures vanquished.

Vanquished Creatures (others)
  A plant (D:3)
1 creature vanquished.

Grand Total: 59 creatures vanquished

Notes
Turn   | Place    | Note
-------+----------+-------------------------------------------
     0 | D:1      | fynax the Minotaur Fighter began the quest for the Orb.
     0 | D:1      | Reached XP level 1. HP: 19/19 MP: 0/0
   166 | D:1      | Reached skill level 4 in Armour
   202 | D:1      | Reached XP level 2. HP: 12/27 MP: 1/1
  1257 | D:2      | Reached XP level 3. HP: 33/33 MP: 2/2
  1908 | D:3      | Found a radiant altar of Vehumet.
  1968 | D:3      | Found a broken altar of Ashenzari.
  2005 | D:3      | Became a worshipper of Ashenzari the Shackled
  2075 | D:3      | Reached XP level 4. HP: 30/40 MP: 3/3
  2091 | D:3      | Reached skill level 5 in Armour
  2333 | D:3      | Found a faded altar of an unknown god.
  2671 | D:4      | Found a runed translucent door.
  3141 | D:4      | Noticed SHADDY's ghost (amateur OpTm)
  3196 | D:4      | Reached XP level 5. HP: 37/47 MP: 4/4
  3225 | D:4      | Found Cudd's Distillery.
  3561 | D:4      | Killed SHADDY's ghost
  3611 | D:5      | Entered Level 5 of the Dungeon
  3619 | D:5      | Reached skill level 1 in Dodging
  3691 | D:5      | Noticed Eustachio
  3755 | D:5      | Killed Eustachio
  3756 | D:5      | Reached skill level 6 in Armour
  3756 | D:5      | Reached XP level 6. HP: 47/55 MP: 5/5
  3832 | D:5      | Noticed a water moccasin
  3833 | D:5      | Noticed Duvessa
  3837 | D:5      | Noticed Dowan
  3852 | D:5      | Killed a water moccasin
  3853 | D:5      | Reached skill level 5 in Fighting
  3853 | D:5      | Reached skill level 1 in Throwing
  3871 | D:5      | HP: 2/56 [something (3)]
  3873 | D:5      | Slain by Duvessa

Illustrated notes

Levels and vault maps discovered:
D:1:      minmay_arrival_doors, layout_loops_ring
D:2:      layout_basic
D:3:      layout_rooms, vehumet_crystals,
          mainiacjoe_overflow_concentric_impassable,
          shapermc_ecumenical_altar_mp_ritualfount
D:4:      layout_gridville, ebering_ghost_sewer_d, serial_shops, shop
D:5:      layout_cave_pools, uniq_eustachio, uniq_duvessa

Skill      XL: |  1  2  3  4  5  6 |
---------------+-------------------+-----
Armour         | 4 5 6 |  6.8
Fighting       | 4 5 |  5.0
Polearms       | 3 4 |  4.8
Dodging        | 1 |  1.5
Shields        | 4 |  4.1
Throwing       | 1 |  1.0
Stealth        | |  0.6

Action                   |  1- 3 |  4- 6 || total
-------------------------+-------+-------++-------
Melee: Trident           |    57 |       ||    57
       Headbutt          |     8 |    17 ||    25
       Spear             |    23 |    93 ||   116
Throw: Stone             |    13 |     4 ||    17
  Use: Scroll            |     1 |       ||     1
Armor: Scale mail        |    46 |     7 ||    53
       Plate armour      |       |   121 ||   121
Dodge: Dodged            |    39 |    61 ||   100
Block: Buckler           |    14 |    28 ||    42
